 Dungeon Crawl Stone Soup version 0.26.1-11-gd32895ea62 (webtiles) character file.

Game seed: 3211903433673909916

32 Zeld the Vandal (level 3, -5/24 HPs)
             Began as an Octopode Hunter on May 14, 2021.
             Slain by Sigmund
             ... wielding a +0 scythe
              (10 damage)
             ... on level 2 of the Dungeon.
             The game lasted 00:08:01 (1760 turns).

Zeld the Vandal (Octopode Hunter)                   Turns: 1760, Time: 00:08:02

Health: -5/24      AC:  1    Str: 12    XL:     3   Next: 25%
Magic:  3/3        EV: 13    Int: 13    God:
Gold:   72         SH:  0    Dex: 12    Spells: 2/2 levels left

rFire    . . .     SeeInvis .   a - +1 hunting sling
rCold    . . .     Faith    .   (no shield)
rNeg     . . .     Spirit   .   (helmet restricted)
rPois    .         Reflect  .   (no amulet)
rElec    .         Harm     .   (no ring)
rCorr    .         Rampage  .   (no ring)
Will     .....                  (no ring)
Stlth    +++.......             (no ring)
HPRegen  0.08/turn              (no ring)
MPRegen  0.08/turn              (no ring)
                                (no ring)
                                (no ring)

@: no status effects
A: almost no armour, stealthy swim, amphibious, 8 rings, constrict 8, camouflage
1, gelatinous body 1
a: no special abilities


You were on level 2 of the Dungeon.
You visited 1 branch of the dungeon, and saw 2 of its levels.

You collected 72 gold pieces.

Inventory:

Hand Weapons
 a - a +1 hunting sling (weapon)
Missiles
 c - 15 sling bullets (quivered ammo)
 d - 51 stones (quivered)
Jewellery
 f - an uncursed ring of poison resistance {unknown}
Scrolls
 b - 2 scrolls of blinking {unknown}
 e - a scroll of fog {unknown}
 i - a scroll of teleportation {unknown}
 k - a scroll of enchant weapon {unknown}
Potions
 g - a potion of invisibility {unknown}
 h - 2 potions of mutation {unknown}
 j - a potion of brilliance {unknown}


   Skills:
 - Level 2.0 Fighting
 * Level 5.0 Slings
 - Level 2.0 Dodging
 - Level 1.3 Stealth
 * Level 0.4 Spellcasting


You had 2 spell levels left.
You didn't know any spells.
Your spell library was empty.

Dungeon Overview and Level Annotations

Branches:
Dungeon (2/15)

Altars:

Annotations:
D:2 Sigmund


Innate Abilities, Weirdness & Mutations

You cannot wear most types of armour.
You are very stealthy in the water. (Stealth+)
You are amphibious.
You can wear up to eight rings at the same time.
You can use your tentacles to constrict eight enemies at once.
Your skin changes colour to match your surroundings (Stealth+).
Your rubbery body absorbs attacks. (AC +1, EV +1)


Message History

Something tries to affect you, but you resist.
You feel less confused.
You see here 2 viscous brown potions.
Something hits you. Something hits you!
You hear some strange, mumbled words.
Something tries to affect you, but you resist.
You hear some strange, mumbled words.
You are confused.
You bump into the rock wall.
A magic dart appears from out of thin air!
The magic dart hits you!
* * * LOW HITPOINT WARNING * * *
You bump into the rock wall.
You bump into the rock wall.
You hear some strange, mumbled words.
Something tries to affect you, but you resist.
You feel less confused. Something hits you!
You die...

# #.# # #.# ##### # #.#
##...############# #######.##
##................# .........#
###.......###..####.# .#@......#
#...........#..####.#
.#.#####.###.#.......#......##.#
.#.##.........#...........#.##.#
.#.##.##.###..##@..#####.......#
.#.##.##.# #..###### ####.####
.#.......###..# #<#
#####.#.......######## #.#
#.#.####.........# #<# ###
#.#.#............# ...
...##.#.#.##...!.....# ...
......#..............# #...#
...######.####.......# #.###


There were no monsters in sight!

Vanquished Creatures
  3 dart slugs (D:1)
  A leopard gecko (D:1)
  4 goblins (D:1)
  A hobgoblin (D:2)
  3 jackals (D:1)
  5 bats
  A frilled lizard (D:1)
  4 kobolds
  3 rats
25 creatures vanquished.

Notes
Turn   | Place    | Note
-------+----------+-------------------------------------------
     0 | D:1      | Zeld the Octopode Hunter began the quest for the Orb.
     0 | D:1      | Reached XP level 1. HP: 14/14 MP: 1/1
   135 | D:1      | Reached XP level 2. HP: 19/19 MP: 2/2
  1323 | D:1      | Reached XP level 3. HP: 24/24 MP: 3/3
  1629 | D:2      | Reached skill level 5 in Slings
  1697 | D:2      | Noticed Sigmund
  1760 | D:2      | Slain by Sigmund

Illustrated notes

Levels and vault maps discovered:
D:1:      lemuel_arrival_broad_hall, layout_basic
D:2:      layout_loops_cross, uniq_sigmund, uniq_natasha

Skill      XL: |  1  2  3 |
---------------+----------+-----
Slings         | 5 |  5.0
Fighting       | |  2.0
Dodging        | |  2.0
Stealth        | |  1.3
Spellcasting   | |  0.4

Action                   || total
-------------------------++-------
 Fire: Hunting sling     ||    50
Armor: Skin              ||     1
Dodge: Dodged            ||    11
